| TOP OF THE 1ST |
|
Hillsboro Hops batting - Pitching for Cincinnati (NYP) Reds : LHP Jerry Nero
|
|
Pitching: LHP Jerry Nero
|
|
|
Batting: RHB Yasuo Nakata
|
0-0: Ball 1-0: Ground out 4-3 (Groundball, 4, EV 80.0 MPH)
|
|
Batting: RHB Larry Hardman
|
0-0: Called Strike 0-1: Ball 1-1: Ball 2-1: Foul Ball, location: 2F 2-2: Foul Ball, location: 2F 2-2: Ball 3-2: Fly out, F8 (Flyball, 78D, EV 90.6 MPH)
|
|
Batting: RHB Edgar Garcia
|
0-0: Ball 1-0: Swinging Strike 1-1: Ground out 6-3 (Groundball, 6, EV 103.1 MPH)
|
| Top of the 1st over - 0 runs, 0 hits, 0 errors, 0 left on base; Hillsboro 0 - Cincinnati (NYP) 0 |
| BOTTOM OF THE 1ST |
|
Cincinnati (NYP) Reds batting - Pitching for Hillsboro Hops : LHP Haunani Moritiica
|
|
Pitching: LHP Haunani Moritiica
|
|
|
Batting: SHB Bryan Johnston
|
0-0: Fly out, F4 (Popup, 4M, EV 70.0 MPH)
|
|
Batting: LHB Fernando Gomez
|
0-0: Swinging Strike 0-1: Foul Ball, location: 2F 0-2: Ball 1-2: Ball 2-2: Strikes out swinging
|
|
Batting: RHB Ricky Carbajal
|
0-0: Called Strike 0-1: Swinging Strike 0-2: Ball 1-2: SINGLE (Flyball, 7S, EV 89.4 MPH)
|
|
Batting: RHB Jamie Ingram
|
0-0: Ball Ricky Carbajal steals 2nd base (no throw) 1-0: Ball 2-0: Called Strike 2-1: Foul Ball, location: 2F 2-2: Strikes out looking
|
| Bottom of the 1st over - 0 runs, 1 hit, 0 errors, 1 left on base; Hillsboro 0 - Cincinnati (NYP) 0 |
| TOP OF THE 2ND |
|
Hillsboro Hops batting - Pitching for Cincinnati (NYP) Reds : LHP Jerry Nero
|
|
Batting: RHB Chris Bittner
|
0-0: Ball 1-0: Called Strike 1-1: Ball 2-1: Called Strike 2-2: Strikes out swinging
|
|
Batting: RHB Jeremy Coffey
|
0-0: Called Strike 0-1: Ball 1-1: Foul Ball, location: 2F 1-2: Strikes out swinging
|
|
Batting: SHB Mike Kiefer
|
0-0: Ball 1-0: Swinging Strike 1-1: Called Strike 1-2: Ball 2-2: Strikes out swinging
|
| Top of the 2nd over - 0 runs, 0 hits, 0 errors, 0 left on base; Hillsboro 0 - Cincinnati (NYP) 0 |
| BOTTOM OF THE 2ND |
|
Cincinnati (NYP) Reds batting - Pitching for Hillsboro Hops : LHP Haunani Moritiica
|
|
Batting: RHB Dave Ruiz
|
0-0: Ball 1-0: Called Strike 1-1: Called Strike 1-2: Strikes out swinging
|
|
Batting: RHB Bill Hainey
|
0-0: Ball 1-0: Ball 2-0: DOUBLE (Line Drive, 5D, EV 96.3 MPH)
|
|
Batting: RHB Felipe Pineda
|
0-0: Ground out U3 (Groundball, 34, EV 88.1 MPH) Bill Hainey to third
|
|
Batting: LHB Josiah Leath
|
0-0: Ball 1-0: Swinging Strike 1-1: Called Strike 1-2: Foul Ball, location: 2F 1-2: Ball 2-2: Strikes out swinging
|
| Bottom of the 2nd over - 0 runs, 1 hit, 0 errors, 1 left on base; Hillsboro 0 - Cincinnati (NYP) 0 |
| TOP OF THE 3RD |
|
Hillsboro Hops batting - Pitching for Cincinnati (NYP) Reds : LHP Jerry Nero
|
|
Batting: RHB Jeremy Adams
|
0-0: Ball 1-0: Called Strike 1-1: Ground out 5-3 (Groundball, 56S, EV 86.3 MPH)
|
|
Batting: RHB Bryan Shuller
|
0-0: Swinging Strike 0-1: Ball 1-1: Foul Ball, location: 2F 1-2: Ground out 6-3 (Groundball, 6, EV 88.8 MPH)
|
|
Batting: RHB Trevor Corey
|
0-0: Called Strike 0-1: Foul Ball, location: 2F 0-2: Ball 1-2: Ball 2-2: Strikes out swinging
|
| Top of the 3rd over - 0 runs, 0 hits, 0 errors, 0 left on base; Hillsboro 0 - Cincinnati (NYP) 0 |
| BOTTOM OF THE 3RD |
|
Cincinnati (NYP) Reds batting - Pitching for Hillsboro Hops : LHP Haunani Moritiica
|
|
Batting: RHB Alfredo Razo
|
0-0: Ball 1-0: Swinging Strike 1-1: Ball 2-1: Foul Ball, location: 2F 2-2: SOLO HOME RUN (Flyball, 9LD, EV 93.8 MPH), Distance : 339 ft
|
|
Batting: SHB Bryan Johnston
|
0-0: Called Strike 0-1: Swinging Strike 0-2: Strikes out swinging
|
|
Batting: LHB Fernando Gomez
|
0-0: Ball 1-0: Ball 2-0: Called Strike 2-1: Fly out, F7 (Line Drive, 7, EV 95.0 MPH)
|
|
Batting: RHB Ricky Carbajal
|
0-0: Ball 1-0: Ball 2-0: Swinging Strike 2-1: Called Strike 2-2: Strikes out looking
|
| Bottom of the 3rd over - 1 run, 1 hit, 0 errors, 0 left on base; Hillsboro 0 - Cincinnati (NYP) 1 |
| TOP OF THE 4TH |
|
Hillsboro Hops batting - Pitching for Cincinnati (NYP) Reds : LHP Jerry Nero
|
|
Batting: RHB Yasuo Nakata
|
0-0: Ball 1-0: Called Strike 1-1: Ball 2-1: SINGLE (Groundball, 6MD, EV 95.6 MPH)
|
|
Batting: RHB Larry Hardman
|
0-0: Called Strike 0-1: Called Strike 0-2: Strikes out swinging
|
|
Batting: RHB Edgar Garcia
|
0-0: Ball 1-0: Fly out, F9 (Flyball, 9D, EV 96.9 MPH)
|
|
Batting: RHB Chris Bittner
|
0-0: Ball 1-0: Called Strike 1-1: Called Strike 1-2: Ball Yasuo Nakata steals 2nd base 2-2: Foul Ball, location: 2F 2-2: Fly out, F8 (Flyball, 8RXD, EV 96.9 MPH)
|
| Top of the 4th over - 0 runs, 1 hit, 0 errors, 1 left on base; Hillsboro 0 - Cincinnati (NYP) 1 |
| BOTTOM OF THE 4TH |
|
Cincinnati (NYP) Reds batting - Pitching for Hillsboro Hops : LHP Haunani Moritiica
|
|
Batting: RHB Jamie Ingram
|
0-0: Ball 1-0: SINGLE (Groundball, 6MD, EV 101.9 MPH)
|
|
Batting: RHB Dave Ruiz
|
0-0: Called Strike 0-1: Ball 1-1: Ball 2-1: Ball 3-1: Base on Balls Jamie Ingram to second
|
|
Batting: RHB Bill Hainey
|
0-0: Called Strike 0-1: Foul Ball, location: 2F 0-2: Ball 1-2: Ball 2-2: Strikes out swinging
|
|
Batting: RHB Felipe Pineda
|
0-0: Called Strike 0-1: Fielders Choice at 2nd, 4-6 (Groundball, 4, EV 87.5 MPH) Jamie Ingram to third
|
|
Batting: LHB Josiah Leath
|
0-0: Called Strike 0-1: Called Strike 0-2: Strikes out swinging
|
| Bottom of the 4th over - 0 runs, 1 hit, 0 errors, 2 left on base; Hillsboro 0 - Cincinnati (NYP) 1 |
| TOP OF THE 5TH |
|
Hillsboro Hops batting - Pitching for Cincinnati (NYP) Reds : LHP Jerry Nero
|
|
Batting: RHB Jeremy Coffey
|
0-0: Ball 1-0: SOLO HOME RUN (Flyball, 7D, EV 99.4 MPH), Distance : 382 ft
|
|
Batting: SHB Mike Kiefer
|
0-0: Fly out, F8 (Flyball, 78XD, EV 94.4 MPH)
|
|
Batting: RHB Jeremy Adams
|
0-0: Swinging Strike 0-1: Swinging Strike 0-2: Strikes out looking
|
|
Batting: RHB Bryan Shuller
|
0-0: Called Strike 0-1: Ball 1-1: Foul Ball, location: 2F 1-2: Foul Ball, location: 2F 1-2: Foul Ball, location: 2F 1-2: Ball 2-2: Foul Ball, location: 2F 2-2: Ball 3-2: Base on Balls
|
|
Batting: RHB Trevor Corey
|
0-0: Ball 1-0: Foul Ball, location: 2F 1-1: Swinging Strike 1-2: Strikes out swinging
|
| Top of the 5th over - 1 run, 1 hit, 0 errors, 1 left on base; Hillsboro 1 - Cincinnati (NYP) 1 |
| BOTTOM OF THE 5TH |
|
Cincinnati (NYP) Reds batting - Pitching for Hillsboro Hops : LHP Haunani Moritiica
|
|
Batting: RHB Alfredo Razo
|
0-0: Foul Ball, location: 2F 0-1: Ball 1-1: Foul Ball, location: 2F 1-2: Foul Ball, location: 2F 1-2: Ground out 4-3 (Groundball, 4, EV 102.5 MPH)
|
|
Batting: SHB Bryan Johnston
|
0-0: Ball 1-0: Ball 2-0: Ground out 6-3 (Groundball, 6M, EV 101.3 MPH)
|
|
Batting: LHB Fernando Gomez
|
0-0: SINGLE (Groundball, 6, EV 100.0 MPH)
|
|
Batting: RHB Ricky Carbajal
|
0-0: Called Strike 0-1: Called Strike 0-2: Ball Fernando Gomez steals 2nd base 1-2: Strikes out swinging
|
| Bottom of the 5th over - 0 runs, 1 hit, 0 errors, 1 left on base; Hillsboro 1 - Cincinnati (NYP) 1 |
| TOP OF THE 6TH |
|
Hillsboro Hops batting - Pitching for Cincinnati (NYP) Reds : LHP Jerry Nero
|
|
Batting: RHB Yasuo Nakata
|
0-0: Called Strike 0-1: Ball 1-1: SINGLE (Groundball, 6MD, EV 95.0 MPH)
|
|
Batting: RHB Larry Hardman
|
0-0: Ball 1-0: Called Strike 1-1: Ball 2-1: Called Strike 2-2: Fly out, F7 (Flyball, 7S, EV 93.8 MPH)
|
|
Batting: RHB Edgar Garcia
|
0-0: Called Strike 0-1: Ball 1-1: Called Strike 1-2: Foul Ball, location: 2F 1-2: Fly out, F8 (Flyball, 8RXD, EV 99.4 MPH)
|
|
Batting: RHB Chris Bittner
|
0-0: Called Strike 0-1: Ball 1-1: Ball 2-1: Ball 3-1: Fielders Choice at 2nd, 6-4 (Groundball, 6, EV 97.5 MPH)
|
| Top of the 6th over - 0 runs, 1 hit, 0 errors, 1 left on base; Hillsboro 1 - Cincinnati (NYP) 1 |
| BOTTOM OF THE 6TH |
|
Cincinnati (NYP) Reds batting - Pitching for Hillsboro Hops : LHP Haunani Moritiica
|
|
Batting: RHB Jamie Ingram
|
0-0: Ball 1-0: Foul Ball, location: 2F 1-1: Ball 2-1: Fly out, F8 (Flyball, 89M, EV 91.3 MPH)
|
|
Batting: RHB Dave Ruiz
|
0-0: Foul Ball, location: 2F 0-1: Swinging Strike 0-2: Foul Ball, location: 2F 0-2: Ball 1-2: Strikes out swinging
|
|
Batting: RHB Bill Hainey
|
0-0: Ground out U3 (Groundball, 3S, EV 90.0 MPH)
|
| Bottom of the 6th over - 0 runs, 0 hits, 0 errors, 0 left on base; Hillsboro 1 - Cincinnati (NYP) 1 |
| TOP OF THE 7TH |
|
Hillsboro Hops batting - Pitching for Cincinnati (NYP) Reds : LHP Jerry Nero
|
|
Batting: RHB Jeremy Coffey
|
0-0: Ball 1-0: Ball 2-0: Ball 3-0: Base on Balls
|
|
Batting: SHB Mike Kiefer
|
0-0: Ball 1-0: Foul Ball, location: 2F 1-1: Ball 2-1: Ball 3-1: Base on Balls Jeremy Coffey to second
|
|
Pitching: LHP Jin Zhui
|
|
|
Batting: RHB Jeremy Adams
|
0-0: Bunted foul 0-1: Bunt missed! 0-2: Foul Ball, location: 2F 0-2: SINGLE (Groundball, 6MD, EV 101.9 MPH) Jeremy Coffey to third Mike Kiefer to second Runner from 3rd tries for Home, SAFE, throw by CF to home
|
|
Pinch Runner at 2nd Larry Valencia:
|
|
|
Batting: RHB Bryan Shuller
|
0-0: Swinging Strike 0-1: Called Strike 0-2: Ball 1-2: Strikes out swinging
|
|
Batting: RHB Trevor Corey
|
0-0: Ground out U3 (Groundball, 23, EV 81.9 MPH) Larry Valencia to third Jeremy Adams to second
|
|
Batting: RHB Yasuo Nakata
|
0-0: Swinging Strike 0-1: Foul Ball, location: 2F 0-2: Ball 1-2: Ball 2-2: Strikes out swinging
|
| Top of the 7th over - 1 run, 1 hit, 0 errors, 2 left on base; Hillsboro 2 - Cincinnati (NYP) 1 |
| BOTTOM OF THE 7TH |
|
Cincinnati (NYP) Reds batting - Pitching for Hillsboro Hops : LHP Haunani Moritiica
|
|
Now in LF: Andy Wilmoth
|
|
|
Batting: RHB Felipe Pineda
|
0-0: Ball 1-0: Ball 2-0: Called Strike 2-1: Ball 3-1: Swinging Strike 3-2: Base on Balls
|
|
Pinch Hitting: RHB Logan Smith
|
0-0: Ball 1-0: Ball Felipe Pineda steals 2nd base 2-0: Ball 3-0: Base on Balls
|
|
Pitching: RHP Scott Dobrowolski
|
|
|
Batting: RHB Alfredo Razo
|
0-0: Sac Bunt to 13 - play at third, runner OUT! 1-5 Logan Smith to second
|
|
Pitching: RHP Manuel Maldonado
|
|
|
Pinch Runner at 2nd Kagetoki Kawai:
|
|
|
Batting: SHB Bryan Johnston
|
0-0: Ball 1-0: Ball 2-0: Foul Ball, location: 2F 2-1: Foul Ball, location: 2F 2-2: Ball 3-2: Fielders Choice at 2nd, 6-4 (Groundball, 6, EV 98.1 MPH) Kagetoki Kawai to third
|
|
Batting: LHB Fernando Gomez
|
0-0: Ball 1-0: Foul Ball, location: 2F 1-1: Swinging Strike 1-2: Ball 2-2: Ball Bryan Johnston steals 2nd base 3-2: Base on Balls
|
|
Batting: RHB Ricky Carbajal
|
0-0: Called Strike 0-1: DOUBLE (Flyball, 8RXD, EV 111.3 MPH) Kagetoki Kawai scores Bryan Johnston scores Fernando Gomez to third Runner from 3rd tries for Home, SAFE, throw by CF to home
|
|
Batting: RHB Jamie Ingram
|
0-0: Intentional Walk
|
|
Batting: RHB Dave Ruiz
|
0-0: Called Strike Ricky Carbajal steals 3rd base 0-1: Ball 1-1: Called Strike 1-2: Foul Ball, location: 2F 1-2: Strikes out looking
|
| Bottom of the 7th over - 3 runs, 1 hit, 0 errors, 2 left on base; Hillsboro 2 - Cincinnati (NYP) 4 |
| TOP OF THE 8TH |
|
Hillsboro Hops batting - Pitching for Cincinnati (NYP) Reds : LHP Jin Zhui
|
|
Now at 2B: Jeffrey Louter
|
|
|
Batting: RHB Larry Hardman
|
0-0: Called Strike 0-1: Foul Ball, location: 2F 0-2: Ball 1-2: Fly out, F8 (Flyball, 89D, EV 100.0 MPH)
|
|
Batting: RHB Edgar Garcia
|
0-0: Called Strike 0-1: Ball 1-1: Ball 2-1: Called Strike 2-2: Ball 3-2: Strikes out looking
|
|
Batting: RHB Chris Bittner
|
0-0: Ball 1-0: Called Strike 1-1: Ball 2-1: Called Strike 2-2: Strikes out swinging
|
| Top of the 8th over - 0 runs, 0 hits, 0 errors, 0 left on base; Hillsboro 2 - Cincinnati (NYP) 4 |
| BOTTOM OF THE 8TH |
|
Cincinnati (NYP) Reds batting - Pitching for Hillsboro Hops : RHP Manuel Maldonado
|
|
Pitching: LHP Eric Dennis
|
|
|
Batting: RHB Bill Hainey
|
0-0: Called Strike 0-1: Ball 1-1: Called Strike 1-2: Ball 2-2: Strikes out looking
|
|
Batting: RHB Felipe Pineda
|
0-0: Foul Ball, location: 2F 0-1: Called Strike 0-2: Ball 1-2: Strikes out looking
|
|
Batting: SHB Jeffrey Louter
|
0-0: Ball 1-0: Ball 2-0: Swinging Strike 2-1: Ball 3-1: Foul Ball, location: 2F 3-2: Base on Balls
|
|
Batting: RHB Alfredo Razo
|
0-0: Called Strike 0-1: Fielders Choice at 2nd, 6-4 (Groundball, 56, EV 80.6 MPH)
|
| Bottom of the 8th over - 0 runs, 0 hits, 0 errors, 1 left on base; Hillsboro 2 - Cincinnati (NYP) 4 |
| TOP OF THE 9TH |
|
Hillsboro Hops batting - Pitching for Cincinnati (NYP) Reds : LHP Jin Zhui
|
|
Pitching: RHP Tim Beck
|
|
|
Batting: RHB Jeremy Coffey
|
0-0: Ball 1-0: Ball 2-0: Ball 3-0: Called Strike 3-1: Base on Balls
|
|
Batting: LHB Andy Wilmoth
|
0-0: Called Strike 0-1: Foul Ball, location: 2F 0-2: Ball Wild Pitch! Jeremy Coffey to second 1-2: Strikes out looking
|
|
Batting: RHB Jeremy Adams
|
0-0: Called Strike 0-1: Foul Ball, location: 2F 0-2: Ball 1-2: Fly out, F4 (Popup, 4, EV 72.5 MPH)
|
|
Batting: RHB Bryan Shuller
|
0-0: Ground out 6-3 (Groundball, 6MS, EV 90.6 MPH)
|
| Top of the 9th over - 0 runs, 0 hits, 0 errors, 1 left on base; Hillsboro 2 - Cincinnati (NYP) 4 |
|